 Dungeon Crawl Stone Soup version 0.29-a0-813-g4a14ea37d6 (webtiles) character file.

Game seed: 1206091540440258803

3468 zeratav the Skirmisher (level 9, -7/41 HPs)
             Began as a Spriggan Hunter on July 5, 2022.
             Was a Believer of Dithmenos.
             Mangled by an orc warrior
             ... wielding a +0 halberd
              (11 damage)
             ... in a bailey.
             The game lasted 00:10:13 (7808 turns).

zeratav the Skirmisher (Spriggan Hunter)            Turns: 7808, Time: 00:10:14

Health: -7/41      AC:  4    Str:  7    XL:     9   Next: 79%
Magic:  10/10      EV: 19    Int: 11    God:    Dithmenos [**....]
Gold:   483        SH:  0    Dex: 28    Spells: 8/8 levels left

rFire   . . .      SeeInvis +   a - +0 shortbow {bow}
rCold   + . .      Faith    .   (shield currently unavailable)
rNeg    . . .      Spirit   .   c - +0 robe
rPois   .          Reflect  .   s - +2 hat
rElec   .          Harm     .   z - scarf {repulsion}
rCorr   .          Rampage  .   (gloves unavailable)
Will    +....                   (boots unavailable)
Stlth   +++++.....              (no amulet)
HPRegen 0.13/turn               p - +6 ring of dexterity
MPRegen 0.12/turn               v - ring of protection from cold

@: wreathed by umbra, repel missiles, very quick
A: very small, no large weapons, unfitting armour, see invisible, speed 3
a: Renounce Religion, Shadow Step


You were in a bailey.
You worshipped Dithmenos.
Dithmenos was pleased with you.
You visited 2 branches of the dungeon, and saw 9 of its levels.
You also visited: Bailey.

You collected 495 gold pieces.
You spent 12 gold pieces at shops.


Innate Abilities, Weirdness & Mutations

You are very small and have problems with some larger weapons.
You are too small for most types of armour.
You have supernaturally acute eyesight. (SInv)
You cover ground extremely quickly. (Speed+++)


   Skills:
 - Level 1.5 Fighting
 + Level 14.0 Ranged Weapons
 - Level 2.6 Dodging
 - Level 5.0 Stealth


You had 8 spell levels left.
You didn't know any spells.
Your spell library contained the following spells:

 Spells                   Type           Power      Damage    Failure   Level
 Beastly Appendage        Tmut           0%         N/A       34%         1
 Freeze                   Ice            0%         1d3       34%         1
 Sandblast                Erth           0%         2d4       34%         1
 Blink                    Tloc           0%         N/A       47%         2
 Passwall                 Tmut/Erth      0%         N/A       47%         2
 Static Discharge         Conj/Air       0%         3-3/arc   47%         2
 Wereblood                Tmut           0%         N/A       47%         2
 Call Canine Familiar     Summ           0%         N/A       71%         3
 Frozen Ramparts          Ice            0%         1d2       71%         3
 Ignite Poison            Fire/Tmut/Pois 0%         N/A       71%         3
 Mephitic Cloud           Conj/Pois/Air  0%         N/A       71%         3
 Ozocubu's Armour         Ice            0%         N/A       71%         3
 Portal Projectile        Hex/Tloc       0%         N/A       71%         3
 Spider Form              Tmut/Pois      0%         N/A       71%         3
 Stone Arrow              Conj/Erth      0%         3d7       71%         3
 Hailstorm                Conj/Ice       0%         3d3       98%         4
 Leda's Liquefaction      Hex/Erth       0%         N/A       98%         4
 Freezing Cloud           Conj/Ice/Air   0%         6-21      100%        5
 Lightning Bolt           Conj/Air       0%         1d11      100%        5
 Manifold Assault         Tloc           0%         N/A       100%        5
 Ozocubu's Refrigeration  Ice            0%         4d5       100%        7
 Storm Form               Tmut/Air       0%         N/A       100%        7
 Maxwell's Capacitive Co  Air            0%         ∞         100%        8

Inventory:

Hand Weapons
 a - a +0 shortbow (weapon) {bow}
 u - a +3 dagger {short}
   (You took it off a wight on level 4 of the Dungeon)
Armour
 c - a +0 robe (worn)
 s - a +2 hat (worn)
   (You found it on level 4 of the Dungeon)
 z - a scarf of repulsion (worn)
   (You found it on level 7 of the Dungeon)
Jewellery
 p - a +6 ring of dexterity (left hand)
   (You found it on level 3 of the Dungeon)
 v - a ring of protection from cold (right hand)
   (You found it on level 5 of the Dungeon)
Wands
 i - a wand of roots (15)
   (You found it on level 5 of the Dungeon)
 r - a wand of digging (7)
   (You found it on level 8 of the Dungeon)
 t - a wand of light (6)
   (You found it on level 4 of the Dungeon)
Scrolls
 b - 4 scrolls of immolation {!r!r}
 d - 6 scrolls of teleportation {@r4}
 e - a scroll of blinking {!r}
 h - 4 scrolls of enchant armour
 q - 2 scrolls of magic mapping {!r}
 w - a scroll of vulnerability {!r!r}
 x - a scroll of poison {!r}
 y - a scroll of fog {unknown}
 A - a scroll of silence {unknown}
Potions
 f - 3 potions of lignification {!q}
 g - a potion of mutation {unknown}
 j - a potion of magic
 k - 4 potions of curing {unknown}
 l - a potion of attraction {unknown}
 m - a potion of haste {unknown}
 n - 3 potions of resistance {unknown}
 o - 2 potions of heal wounds {unknown}

Dungeon Overview and Level Annotations

Branches:
Dungeon (8/15) Zot: 26919  Temple (1/1) D:4 Zot: 5970  Bailey (1/1) Zot: 5905
   Lair: D:8-11

Altars:
Ashenzari
Cheibriados
Dithmenos
Elyvilon
Fedhas
Hepliaklqana
Kikubaaqudgha
Makhleb
Nemelex Xobeh
Qazlal
Ru
Sif Muna
Trog
Uskayaw
Vehumet
Wu Jian
Xom
Yredelemnul
Zin
The Shining One

Shops:
D:4

! ##################
≈≈≈≈≈≈≈≈≈≈≈≈≈≈≈≈≈##
...c............@.#
.......o.§..o......#
#c##########⌠.o.o...#
.o.........#####....#
..≈≈≈≈≈≈≈≈≈)...##...#
.≈≈.......≈≈≈.⌠.#oo.#
...≈≈≈≈≈≈≈).≈≈..#...#
.≈≈≈.....≈≈≈.≈≈.#⌠..#
≈≈..≈≈≈≈≈..≈≈.≈)##


You could see 4 orc warriors and an orc (wandering).


Message History

No target in view!
No target in view!
No target in view!
Things that are here:
a +0 halberd {polearm}; a +0 scale mail; an orc corpse
Things that are here:
a +0 spear {polearm}; a +0 chain mail; an orc corpse
Things that are here:
a +0 halberd {polearm}; a +0 ring mail You now have 433 gold pieces (gained 12).
You now have 444 gold pieces (gained 11).
You now have 470 gold pieces (gained 26).
You now have 483 gold pieces (gained 13).
You open the door.
A centaur and an orc warrior come into view.
There is an open door here.
You shoot an arrow. The arrow hits the centaur!
The centaur shouts!
The orc warrior shouts!
You hear a shout! x2
You shoot an arrow.
The arrow hits the centaur but does no damage.
You shoot an arrow.
The arrow hits the centaur but does no damage.
The centaur throws a javelin.
The javelin completely misses you.
The centaur hits you from afar with a +0 halberd.
You shoot an arrow. The arrow barely misses the centaur.
The centaur closely misses you.
You shoot an arrow. The arrow hits the centaur!
The orc warrior closely misses you. The centaur closely misses you.
You shoot an arrow. The arrow barely misses the centaur.
The centaur throws a javelin.
The javelin closely misses you.
The orc warrior hits you from afar with a +0 trident!
HP[-16]
You take 16 damage, and now have 25/41 hp.
MASSIVE DAMAGE!! (PAUSE)
The centaur throws a javelin.
The javelin closely misses you.
HP[+1]
Items here: ( ) [ †.
The centaur throws a javelin.
The javelin barely misses you.
You shoot an arrow.
The arrow hits the orc warrior but does no damage.
You shoot an arrow. The arrow hits the orc warrior.
The centaur throws a javelin.
The javelin pierces through you!
* * * LOW HITPOINT WARNING * * *
The centaur throws a javelin.
The javelin completely misses you.
You are too injured to fight recklessly!
HP[-14]
You take 14 damage, and now have 12/41 hp.
MASSIVE DAMAGE!! (PAUSE)
You are too injured to fight recklessly!
You are too injured to fight recklessly!
HP[+1]
You open the door.
The centaur throws a javelin.
The javelin completely misses you.
There is an open door here.
An orc warrior comes into view. It is wielding a +0 trident.
You close the door.
The orc warrior shouts!
You hear a shout!
Fire: a) +0 shortbow {bow}
Press: ? - help, Q - select action, (/) - cycle Shift-Dir - straight line, f - orc warrior
Aim: an orc warrior, wielding a +0 trident and wearing a +0 chain mail (70% to hit)
You shoot an arrow.
The arrow hits the orc warrior but does no damage.
Fire: a) +0 shortbow {bow}
Press: ? - help, Q - select action, (/) - cycle Shift-Dir - straight line, f/p - orc warrior
Aim: an orc warrior, wielding a +0 trident and wearing a +0 chain mail (70% to hit)
You shoot an arrow.
The arrow closely misses the orc warrior.
A centaur opens the door.
Fire: a) +0 shortbow {bow}
Press: ? - help, Q - select action, (/) - cycle Shift-Dir - straight line, f/p - orc warrior
Aim: an orc warrior, wielding a +0 trident and wearing a +0 chain mail (70% to hit)
You shoot an arrow.
The arrow closely misses the orc warrior.
Fire: a) +0 shortbow {bow}
Press: ? - help, Q - select action, (/) - cycle Shift-Dir - straight line, f/p - orc warrior
Aim: an orc warrior, wielding a +0 trident and wearing a +0 chain mail (70% to hit)
You shoot an arrow. The arrow hits the orc warrior!
The centaur hits you from afar with a +0 halberd!
* * * LOW HITPOINT WARNING * * *
HP[-9]
You take 9 damage, and now have 4/41 hp.
MASSIVE DAMAGE!! (PAUSE)
Aiming: Bolt of Light
Press: ? - help, Q - select action, (/) - cycle Shift-Dir - straight line, f - orc warrior, p - orc warrior
Aim: an orc warrior, wielding a +0 trident and wearing a +0 ring mail (moderately wounded, 64% to hit)
The bolt of light hits the centaur.
The centaur is blinded.
The bolt of light hits the orc warrior!
The orc warrior is blinded.
The centaur completely misses you. The centaur misses you.
Blink to where?
Press: ? - help, Q - select action, (/) - cycle Dir - move target, p - orc warrior 2 orc warriors come into view.
As you read the scroll of blinking {!r}, it crumbles to dust.
An orc warrior comes into view. It is wielding a +0 halberd.
Blink to where?
Press: ? - help, Q - select action, (/) - cycle Dir - move target An orc warrior and an orc come into view.
As you read the scroll of blinking {!r}, it crumbles to dust.
The orc warrior hits you from afar with a +0 halberd!
You die...

Skill      XL: |  1  2  3  4  5  6  7  8  9 |
---------------+----------------------------+-----
Ranged Weapons | 5 6 7 8 10 12 14 | 14.0
Stealth        | 4 5 |  5.0
Fighting       | |  1.5
Dodging        | |  2.6

Action                   |  1- 3 |  4- 6 |  7- 9 || total
-------------------------+-------+-------+-------++-------
 Fire: Shortbow          |   108 |   150 |   383 ||   641
Evoke: Wand              |       |       |     1 ||     1
  Use: Scroll            |       |       |    11 ||    11
Armor: Robe              |     1 |     7 |    12 ||    20
Dodge: Dodged            |    24 |    50 |    90 ||   164

Levels and vault maps discovered:
D:1:      minmay_arrival_open_corners, layout_basic,
          hellmonk_ecumenical_altar_leap_of_faith
D:2:      layout_basic, minmay_misc_feat_hallway, dk_vineyard_1, uniq_natasha
D:3:      layout_rooms, mainiacjoe_overflow_concentric_impassable,
          chequers_temple_overflow_statue_of_worship, uniq_terence,
          uniq_crazy_yiuf_cottage, uniq_jessica
D:4:      layout_loops_ring, mainiacjoe_overflow_24_doors,
          minmay_temple_entry_statues_pillars, serial_shops, shop,
          kennysheep_another_room
D:5:      layout_loops_ring, minivault_11, dk_noncrumbling_2, bh_walls_and_bars
D:6:      layout_basic, xom_confusion_cloud
D:7:      layout_cave_pods, nicolae_overflow_crystal_walls,
          dreamdust_gnoll_shepherd
D:8:      layout_basic, lemuel_crystal_altar, grunt_gozag_statues,
          dpeg_oklobed_lair, enter_bailey_3, minmay_lizard_king
Temple:   nicolae_temple_ecumenical_triangle
Bailey:   bailey_polearm_flooded_kennysheep, bailey

Notes
Turn   | Place    | Note
-------+----------+-------------------------------------------
     0 | D:1      | zeratav the Spriggan Hunter began the quest for the Orb.
     0 | D:1      | Reached XP level 1. HP: 10/10 MP: 2/2
     0 | D:1      | magus.rc [v1.9.6]
     7 | D:1      | You pick up a book of Frost and begin reading...
     7 | D:1      | You add the spells Freeze, Frozen Ramparts and Hailstorm to
                  | your library.
   249 | D:1      | Reached XP level 2. HP: 14/14 MP: 3/3
   546 | D:1      | Found a faded altar of an unknown god.
   776 | D:1      | Reached skill level 5 in Ranged Weapons
   779 | D:1      | Reached XP level 3. HP: 18/18 MP: 4/4
  1238 | D:2      | Reached XP level 4. HP: 9/22 MP: 5/5
  1510 | D:2      | Noticed Natasha
  1512 | D:2      | Killed Natasha
  1628 | D:2      | Reached skill level 6 in Ranged Weapons
  1785 | D:2      | You pick up a book of the Hunter and begin reading...
  1785 | D:2      | You add the spells Call Canine Familiar, Portal Projectile
                  | and Leda's Liquefaction to your library.
  1922 | D:2      | You pick up a book of Lightning and begin reading...
  1922 | D:2      | You add the spells Static Discharge, Lightning Bolt and
                  | Maxwell's Capacitive Coupling to your library.
  2092 | D:3      | Noticed Terence
  2111 | D:2      | Killed Terence
  2112 | D:2      | Reached XP level 5. HP: 25/25 MP: 6/6
  2148 | D:3      | Found a stormy altar of Qazlal.
  2206 | D:3      | Found an ornate altar of the Wu Jian Council.
  2209 | D:3      | Found a sparkling altar of Nemelex Xobeh.
  2209 | D:3      | Found a blossoming altar of Fedhas.
  2279 | D:3      | Found a runed translucent door.
  2280 | D:3      | Noticed Crazy Yiuf
  2321 | D:3      | Noticed Jessica
  2918 | D:3      | Killed Crazy Yiuf
  2919 | D:3      | Reached skill level 7 in Ranged Weapons
  3101 | D:4      | Found a bloodstained altar of Trog.
  3132 | D:4      | Reached XP level 6. HP: 30/30 MP: 7/7
  3346 | D:4      | Found Wusapn's Distillery.
  3353 | D:4      | Bought a potion of degeneration for 12 gold pieces
  3366 | D:4      | You add the spells Blink, Manifold Assault and Storm Form
                  | to your library.
  3461 | D:4      | Found a staircase to the Ecumenical Temple.
  3470 | Temple   | Entered the Ecumenical Temple
  3499 | Temple   | Became a worshipper of Dithmenos the Shadowed
  3527 | D:4      | Reached skill level 8 in Ranged Weapons
  3604 | D:4      | You add the spells Ozocubu's Armour and Ozocubu's
                  | Refrigeration to your library.
  3916 | D:4      | Reached XP level 7. HP: 21/33 MP: 8/8
  4121 | D:4      | Reached skill level 9 in Ranged Weapons
  4476 | D:5      | Entered Level 5 of the Dungeon
  4584 | D:5      | Reached skill level 10 in Ranged Weapons
  4584 | D:5      | Reached skill level 2 in Stealth
  4616 | D:5      | Reached skill level 4 in Stealth
  4616 | D:5      | Reached XP level 8. HP: 29/37 MP: 9/9
  4781 | D:5      | Reached skill level 5 in Stealth
  4870 | D:5      | You add the spells Ignite Poison, Mephitic Cloud and
                  | Freezing Cloud to your library.
  5263 | D:5      | Reached * piety under Dithmenos
  5717 | D:6      | Reached skill level 11 in Ranged Weapons
  5815 | D:6      | You pick up a book of the Hunter and begin reading...
  5934 | D:6      | Killed Jessica
  6208 | D:6      | Found a shimmering altar of Xom.
  6219 | D:6      | Reached skill level 12 in Ranged Weapons
  6219 | D:6      | Reached XP level 9. HP: 41/41 MP: 10/10
  6225 | D:6      | You pick up a book of Geomancy and begin reading...
  6225 | D:6      | You add the spells Sandblast, Passwall and Stone Arrow to
                  | your library.
  6745 | D:7      | You pick up a book of Changes and begin reading...
  6745 | D:7      | You add the spells Beastly Appendage, Wereblood and Spider
                  | Form to your library.
  6830 | D:7      | Reached skill level 13 in Ranged Weapons
  6943 | D:7      | Found a hide-covered altar of Uskayaw.
  7052 | D:7      | Reached ** piety under Dithmenos
  7638 | D:8      | Found a flagged portal.
  7676 | Bailey   | Entered a bailey
  7709 | Bailey   | Reached skill level 14 in Ranged Weapons
  7804 | Bailey   | HP: 4/41 [centaur/+0 halberd (10)]
  7806 | Bailey   | Identified a +0 crystal plate armour
  7808 | Bailey   | Mangled by an orc warrior

Vanquished Creatures
  2 yaks (D:7)
  2 water moccasins (D:7)
  A sky beast (D:7)
  2 black bears
  2 ice beasts
  3 ogres
  2 centaurs (Bailey)
  A phantom (D:5)
  4 bullfrogs
  2 gnoll sergeants
  2 necrophages
  5 scorpions
  8 wights
  7 hounds
  Crazy Yiuf (D:3)
  An orc priest (D:5)
  2 gnoll boudas
  Jessica (D:6)
  Terence (D:2)
  2 iguanas
  Natasha (D:2)
  An orc wizard (D:5)
  15 adders
  7 gnolls
  A shadow imp (D:5)
  2 white imps
  An ufetubus (D:5)
  4 dart slugs
  23 orcs
  6 ball pythons
  6 bats
  7 endoplasms
  8 giant cockroaches
  11 goblins
  3 hobgoblins
  3 jackals (D:5)
  3 quokkas
  3 frilled lizards (D:2)
  6 kobolds
  8 rats
170 creatures vanquished.

Table legend:
 A = Non-vault XP
 B = Vault XP
 C = Vault XP percentage of total XP
 D = Non-vault monster count
 E = Vault monster count
 F = Vault count percentage of total count
                 A         B        C        D         E       F
            +---------+---------+-------+---------+---------+-------
      Total |    3817 |    1138 |  23.0 |     142 |      28 |  16.5
            +---------+---------+-------+---------+---------+-------
        D:1 |      42 |       0 |   0.0 |      20 |       0 |   0.0
        D:2 |      99 |      71 |  41.8 |      31 |       2 |   6.1
        D:3 |      56 |      41 |  42.3 |      17 |       1 |   5.6
        D:4 |     822 |       0 |   0.0 |      23 |       0 |   0.0
        D:5 |     864 |       0 |   0.0 |      19 |       0 |   0.0
        D:6 |     813 |     314 |  27.9 |      17 |       7 |  29.2
        D:7 |    1121 |     458 |  29.0 |      15 |       3 |  16.7
        D:8 |       0 |       7 | 100.0 |       0 |       4 | 100.0
     Bailey |       0 |     247 | 100.0 |       0 |      11 | 100.0
            +---------+---------+-------+---------+---------+-------

Illustrated notes

Table legend:
 A = Kills in this place as a percentage of kills in entire the game.
 B = Kills by you in this place as a percentage of kills by you in the entire game.
 C = Kills by friends in this place as a percentage of kills by friends in the entire game.
 D = Other kills in this place as a percentage of other kills in the entire game.
 E = Experience gained in this place as a percentage of experience gained in the entire game.
 F = Experience gained in this place divided by the number of levels of this place that you have seen.
                   A       B       C       D       E      F
               +-------+-------+-------+-------+-------+----------------------
         Total | 100.0 | 100.0 |   N/A |   N/A | 100.0 | 495.5
       Dungeon |  93.5 |  93.5 |   N/A |   N/A |  95.0 | 588.5
        Bailey |   6.5 |   6.5 |   N/A |   N/A |   5.0 | 247.0
               +-------+-------+-------+-------+-------+----------------------

Table legend: (Time is in decaauts)
 A = Elapsed time spent in this place.
 B = Non-inter-level travel time spent in this place.
 C = Inter-level travel time spent in this place.
 D = Time resting spent in this place.
 E = Time spent auto-exploring this place.
 F = Levels seen in this place.
 G = Mean time per level.
                   A        B        C        D        E       F      G
               +--------+--------+--------+--------+--------+-----+--------+
         Total |   5800 |   5641 |    159 |    520 |   4056 |  10 |  580.0 |
       Dungeon |   5678 |   5530 |    148 |    520 |   4010 |   8 |  709.8 |
        Temple |     29 |     18 |     11 |      0 |     12 |   1 |   29.0 |
        Bailey |     93 |     93 |      0 |      0 |     33 |   1 |   93.0 |
               +--------+--------+--------+--------+--------+-----+--------+

Top non-repeatable levels by time:
     D:4: 1169 daAuts
     D:5: 910 daAuts
     D:2: 873 daAuts
     D:7: 736 daAuts
     D:6: 648 daAuts
     D:3: 634 daAuts
     D:1: 625 daAuts
  Bailey: 93 daAuts
     D:8: 80 daAuts
  Temple: 29 daAuts
